 Dungeon Crawl Stone Soup version 0.26-a0-651-gb41185065b (webtiles) character file.

Game seed: 14885759722801596245

35 Irenicus the Scratcher (level 3, -1/17 HPs)
             Began as a Felid Chaos Knight on Oct 30, 2020.
             Was a Plaything of Xom.
             Slain by an adder (3 damage)
             ... on level 2 of the Dungeon.
             The game lasted 00:02:06 (1244 turns).

Irenicus the Scratcher (Felid Chaos Knight)         Turns: 1244, Time: 00:02:06

Health: -1/17      AC:  1    Str:  8    XL:     3   Next: 16%
Magic:  4/4        EV: 18    Int: 13    God:    Xom [......]
Gold:   99         SH:  0    Dex: 16    Spells: 2/2 levels left
                                        Lives:  0   Deaths: 0

rFire    . . .     SeeInvis +     - Unarmed
rCold    . . .     Faith    .   (shield unavailable)
rNeg     . . .     Spirit   .   (armour unavailable)
rPois    .         Reflect  .   (helmet unavailable)
rElec    .         Harm     .   (cloak unavailable)
rCorr    .         Rampage  .   (gloves unavailable)
MR       .....                  (boots unavailable)
Stlth    ++........             (no amulet)
HPRegen  0.05/turn              (no ring)
MPRegen  0.09/turn              (no ring)

@: lethally poisoned (-1 -> -15), hasted, very quick
A: very small, no armour, no weapons or thrown items, stealth, claws 1, fangs 3,
see invisible, speed 1, shaggy fur 1, sharp paws
a: Renounce Religion


You were on level 2 of the Dungeon.
You worshipped Xom.
You were a very special plaything of Xom.
You visited 1 branch of the dungeon, and saw 2 of its levels.

You collected 99 gold pieces.

Inventory:

Scrolls
 e - a scroll of random uselessness {unknown}
 f - 4 scrolls of identify {unknown}
 g - a scroll of fear {unknown}
 h - 4 scrolls of blinking {unknown}
 i - a scroll of remove curse {unknown}
 j - a scroll of teleportation {unknown}
Potions
 b - a potion of brilliance {unknown}
 c - a potion of degeneration {unknown}
 k - a potion of might {unknown}


   Skills:
 - Level 3.0 Fighting
 - Level 3.2 Dodging
 + Level 4.3 Unarmed Combat


You had 2 spell levels left.
You didn't know any spells.
Your spell library was empty.

Dungeon Overview and Level Annotations

Branches:
Dungeon (2/15)

Altars:
Xom


Innate Abilities, Weirdness & Mutations

You cannot wear armour.
You are incapable of wielding weapons or throwing items.
Your paws allow you to move quietly. (Stealth)
You have sharp claws.
You have razor-sharp teeth.
You have supernaturally acute eyesight. (SInv)
You cover ground quickly.
You are covered in fur. (AC +1)
Your sharp claws are effective at attacking unaware monsters.


Message History

The adder hisses angrily.
You scratch the adder. You bite the adder.
The adder is heavily wounded.
The adder bites you.
You take 4 damage, and have 9/14 hp.
MASSIVE DAMAGE!!
You scratch the adder.
The adder is heavily wounded.
The adder closely misses you. The adder bites you but does no damage.
You scratch the adder. You claw the adder.
The adder is almost dead.
The adder barely misses you.
You scratch the adder.
You kill the adder!
You have reached level 3!
Your experience leads to an increase in your attributes!
Increase (s)trength, (i)ntelligence, or (d)exterity?
You feel agile.
You regained 2 hp, and now have 11/17 hp.
MP restored: 4 You see here an adder corpse.
You closely miss the bat. The bat hits you. The bat misses you.
You take 1 damage, and have 10/17 hp.
The bat hits you.
You take 1 damage, and have 9/17 hp.
You closely miss the bat. The bat misses you. The bat closely misses you.
You scratch the bat.
The bat is severely wounded.
The bat closely misses you.
You scratch the bat.
You kill the bat!
You see here 26 stones.
You see here 26 stones.
f - 4 scrolls labeled CIEZEFO PIFOE (gained 1)
k - a pink potion You regained 2 hp, and now have 11/17 hp.
You now have 96 gold pieces (gained 19).
There is an escape hatch in the ceiling here.
You now have 99 gold pieces (gained 3).
Xom twists space around you.
Your surroundings suddenly seem different.
Your surroundings suddenly seem different.
Your surroundings suddenly seem different.
Your surroundings suddenly seem different.
Your surroundings suddenly seem different.
Your surroundings suddenly seem different.
You regained 4 hp, and now have 15/17 hp.
Unknown command.
There is an escape hatch in the ceiling here.
An adder is nearby!
The adder hisses angrily.
The adder misses you.
You scratch the adder.
The adder is heavily wounded.
The adder closely misses you.
You miss the adder.
The adder is heavily wounded.
The adder bites you.
You take 2 damage, and have 13/17 hp.
You scratch the adder but do no damage. Your bite misses the adder.
The adder is heavily wounded.
The adder barely misses you.
You barely miss the adder.
The adder is heavily wounded.
The adder completely misses you.
You barely miss the adder.
The adder is heavily wounded.
The adder closely misses you.
You closely miss the adder.
The adder is heavily wounded.
The adder bites you.
You are poisoned.
The adder poisons you! The adder closely misses you.
You take 2 damage, and have 11/17 hp.
You closely miss the adder. You bite the adder, but do no damage.
The adder is moderately wounded.
You feel sick. The adder bites you.
You are more poisoned.
The adder poisons you!
You take 2 damage, and have 9/17 hp.
You scratch the adder.
The adder is almost dead.
The adder bites you.
* * * LOW HITPOINT WARNING * * *
You emit a cloud of colourful smoke!
You are more poisoned.
The adder poisons you!
You take 4 damage, and have 5/17 hp.
MASSIVE DAMAGE!!
It was a potion of magic.
Magic courses through your body.
Xom is amused.
* * * LOW HITPOINT WARNING * * *
You feel sick. The adder completely misses you.
You take 1 damage, and have 4/17 hp.
It was a potion of haste.
You feel yourself speed up.
Xom is amused.
* * * LOW HITPOINT WARNING * * *
You feel sick. The adder bites you.
* * * LOW HITPOINT WARNING * * *
The adder bites you.
You die...

####.........##.#####.......#####
.............................)...
..........##.#..#.###(__..#.####.
#.#.####........#.# #.##.##.####.
..........##+#....# #.##.##......
.###.###..#.[....####..#_#######.
[# #.###..#......##....#.# #####.
.# #...#.......§S##.#..#.# #...'.
.####..........§@##....#+#######.
.......#.......#§§......<..#####.
.......#.......#.##.#......#.....
...#.#.#.......#.##.+......#.....
...#.#.........#.####......#.....
...#.....).......# ##......#....†
...............### #.......#.....
####...#.......# ..........#.....
#...#.......# ###.......#.....


You could see an adder.

Vanquished Creatures
  An adder (D:2)
  A dart slug (D:1)
  2 ball pythons (D:1)
  2 bats
  A giant cockroach (D:1)
  5 hobgoblins
  2 jackals (D:1)
  3 kobolds
  A frilled lizard (D:1)
  A goblin (D:1)
  3 rats
22 creatures vanquished.

Notes
Turn   | Place    | Note
-------+----------+-------------------------------------------
     0 | D:1      | Irenicus the Felid Chaos Knight began the quest for the
                  | Orb.
     0 | D:1      | Reached XP level 1. HP: 10/10 MP: 2/2
    29 | D:1      | XOM: butterfly on damage
   314 | D:1      | HP: 1/10 [dart slug/slug dart (6)]
   348 | D:1      | XOM: silly message
   366 | D:1      | XOM: silly message
   504 | D:1      | XOM: 2-stop teleportation journey
   523 | D:1      | XOM: swap monsters
   528 | D:1      | Reached XP level 2. HP: 7/14 MP: 3/3
   637 | D:1      | HP: 3/14 [kobold (4)]
   849 | D:1      | XOM: torment (7/14 hp)
  1052 | D:2      | XOM: scenery: create altars
  1054 | D:2      | Reached skill level 4 in Unarmed Combat
  1086 | D:2      | Reached XP level 3. HP: 11/17 MP: 4/4
  1228 | D:2      | XOM: 6-stop teleportation journey
  1242 | D:2      | XOM: smoke on damage
  1243 | D:2      | HP: 4/17 [poisoned by an adder]
  1244 | D:2      | Slain by an adder

Illustrated notes

Levels and vault maps discovered:
D:1:      dpeg_arrival_erosion, layout_rooms, minmay_ruptured
D:2:      layout_basic

Skill      XL: |  1  2 |
---------------+-------+-----
Unarmed Combat | 4 |  4.3
Fighting       | |  3.0
Dodging        | |  3.2

Action                   || total
-------------------------++-------
Melee: Unarmed           ||    80
       Bite              ||     7
       Punch             ||     1
  Use: Potion            ||     2
 Stab: Sleeping          ||     1
Armor: Skin              ||     4
Dodge: Dodged            ||    50

Table legend: (Time is in decaauts)
 A = Elapsed time spent in this place.
 B = Non-inter-level travel time spent in this place.
 C = Inter-level travel time spent in this place.
 D = Time resting spent in this place.
 E = Time spent auto-exploring this place.
 F = Levels seen in this place.
 G = Mean time per level.
                   A        B        C        D        E       F      G
               +--------+--------+--------+--------+--------+-----+--------+
         Total |   1118 |   1103 |     15 |    535 |    363 |   2 |  559.0 |
       Dungeon |   1118 |   1103 |     15 |    535 |    363 |   2 |  559.0 |
               +--------+--------+--------+--------+--------+-----+--------+

Top non-repeatable levels by time:
     D:1: 911 daAuts
     D:2: 206 daAuts

Table legend:
 A = Kills in this place as a percentage of kills in entire the game.
 B = Kills by you in this place as a percentage of kills by you in the entire game.
 C = Kills by friends in this place as a percentage of kills by friends in the entire game.
 D = Other kills in this place as a percentage of other kills in the entire game.
 E = Experience gained in this place as a percentage of experience gained in the entire game.
 F = Experience gained in this place divided by the number of levels of this place that you have seen.
                   A       B       C       D       E      F
               +-------+-------+-------+-------+-------+----------------------
         Total | 100.0 | 100.0 |   N/A |   N/A | 100.0 |  25.0
       Dungeon | 100.0 | 100.0 |   N/A |   N/A | 100.0 |  25.0
               +-------+-------+-------+-------+-------+----------------------
